 Dungeon Crawl Stone Soup version 0.30-a0-719-gcc4359ea44 (webtiles) character file.

Game seed: 12788427601323029215

160 Chiseanne the Magician (level 5, 45/52 HPs)
             Began as a Demonspawn Hedge Wizard on Jan 26, 2023.
             Quit the game on level 3 of the Dungeon.
             The game lasted 00:05:34 (3549 turns).

Chiseanne the Magician (Demonspawn Hedge Wizard)    Turns: 3549, Time: 00:05:34

Health: 45/52      AC: 22    Str: 10    XL:     5   Next: 17%
Magic:  0/11       EV:  2    Int: 18    God:
Gold:   178        SH:  9    Dex: 12    Spells: 6/12 levels left

rFire   . . .      SeeInvis .    a - +0 mace
rCold   . . .      Faith    .    (no shield)
rNeg    . . .      Spirit   .    (body armour currently unavailable)
rPois   +          Reflect  +    (helmet currently unavailable)
rElec   .          Harm     .    (cloak currently unavailable)
rCorr   .          Rampage  .    (gloves currently unavailable)
Will    .....      NoTele   +    (boots currently unavailable)
Stlth   ++                       e - amulet of reflection
HPRegen 0.28/turn                (no ring)
MPRegen 0.12/turn                (no ring)

@: tree-form
A: stationary, stasis, torment immunity, boosted hp, (horns 1), condensation
shield
a: no special abilities


You were on level 3 of the Dungeon.
You were a tree.
You visited 1 branch of the dungeon, and saw 3 of its levels.

You collected 178 gold pieces.

Inventory:

Hand Weapons
 a - a +0 mace (weapon)
Missiles
 h - 25 stones
 j - 4 boomerangs of dispersal
Armour
 b - a +0 robe (melded)
 f - a +0 helmet (melded)
Magical Staves
 y - a staff of cold
Jewellery
 c - a +6 ring of dexterity
 e - an amulet of reflection (around neck)
 m - a ring of poison resistance
Potions
 d - a potion of flight
 i - a potion of attraction {unknown}
 k - a potion of haste {unknown}
 l - a potion of curing {unknown}


   Skills:
 - Level 1.7 Dodging
 - Level 1.7 Stealth
 * Level 4.3 Spellcasting
 * Level 3.4 Conjurations
 - Level 1.0 Summonings
 - Level 0.8 Translocations
 * Level 1.1 Air Magic


You had 6 spell levels left.
You knew the following spells:

 Your Spells              Type           Power      Damage    Failure   Level
a - Magic Dart            Conj           64%        1d6       3%          1
b - Blink                 Tloc           12%        N/A       16%         2
d - Mephitic Cloud        Conj/Pois/Air  9%         N/A       22%         3

Your spell library contained the following spells:

 Spells                   Type           Power      Damage    Failure   Level
 Freeze                   Ice            12%        1d3       14%         1
 Slow                     Hex            12%        N/A       14%         1
 Call Imp                 Summ           7%         N/A       14%         2
 Lesser Beckoning         Tloc           12%        N/A       16%         2
 Cigotuvi's Dreadful Rot  Necr/Pois/Air  10%        N/A       19%         2
 Hailstorm                Conj/Ice       10%        3d5       22%         3
 Gell's Gravitas          Tloc           6%         N/A       30%         3
 Teleport Other           Tloc           6%         N/A       30%         3
 Frozen Ramparts          Ice            6%         1d1       41%         3


Dungeon Overview and Level Annotations

Branches:
Dungeon (3/15)

Altars:


Innate Abilities, Weirdness & Mutations

You are a tree.
Your roots penetrate the ground, keeping you stationary.
You cannot be teleported.
You are immune to unholy pain and torment.
Your maximum health is greatly increased.
Your equipment is partially melded.
((You have a pair of small horns on your head.))
A meltable shield of frost defends you. (SH +4)


Message History

You kill the orc wizard!
Your magical contamination has completely faded away.
An orc priest is nearby!
Casting: Magic Dart (safe; 3% risk of failure)
Confirm with . or Enter, or press ? or * to list all spells.
Aiming: Magic Dart (safe; 3% risk of failure)
Press: ? - help, Shift-Dir - straight line, f - orc priest
Aim: an orc priest, wielding a +0 short sword and wearing a +0 leather armour (100% to hit)
The magic dart hits the orc priest.
The orc priest is moderately wounded.
An orc comes into view. It is wielding a +0 war axe.
You block the orc priest's attack.
You hit the orc priest but do no damage.
The orc priest is moderately wounded.
The orc priest closely misses you.
You hit the orc priest but do no damage.
The orc priest is moderately wounded.
You block the orc priest's attack.
The orc priest hits you with a +0 short sword.
Casting: Magic Dart (safe; 3% risk of failure)
Confirm with . or Enter, or press ? or * to list all spells.
Aiming: Magic Dart (safe; 3% risk of failure)
Press: ? - help, Shift-Dir - straight line, f/p - orc priest
Aim: an orc priest, wielding a +0 short sword and wearing a +0 leather armour (moderately wounded, 100% to hit)
The magic dart hits the orc priest.
The orc priest is heavily wounded.
The orc priest closely misses you.
It was a potion of lignification.
You turn into a tree.
Your +0 helmet melds into your body.
Your +0 robe melds into your body.
Your roots penetrate the ground.
You block the orc priest's attack.
You hit the orc priest.
The orc priest is almost dead.
You block the orc priest's attack.
You hit the orc priest.
You kill the orc priest!
Your Air Magic skill increases to level 1!
You have reached level 5!
Your demonic ancestry asserts itself...
A pair of horns grows on your head!
Are you sure you want to abandon this character and quit the game? (Confirm with "yes".)

#.......o....## #.##
###......##...#####.#
#########.........########
###..o............
##...............<
##############..######....#..##
#.....)........## ##..#####...
#.........##########..## ###.
#............o♣......## ##
#.......).############ #
#.........# # #.........#
###########


You could see an orc.

Vanquished Creatures
  An orc priest (D:3)
  An orc wizard (D:3)
  4 adders
  2 worms
  A dart slug (D:3)
  2 orcs (D:3)
  6 bats
  4 endoplasms
  A goblin (D:1)
  8 hobgoblins
  6 jackals
  7 kobolds
  5 quokkas
  5 ball pythons
  3 frilled lizards
  4 rats
60 creatures vanquished.

Vanquished Creatures (others)
  4 toadstools (D:2)
4 creatures vanquished.

Grand Total: 64 creatures vanquished

Notes
Turn   | Place    | Note
-------+----------+-------------------------------------------
     0 | D:1      | Chiseanne the Demonspawn Hedge Wizard began the quest for
                  | the Orb.
     0 | D:1      | Reached XP level 1. HP: 13/13 MP: 4/4
   371 | D:1      | Gained mutation: A meltable shield of frost defends you.
                  | (SH +4) [demonic ancestry]
   371 | D:1      | Reached XP level 2. HP: 19/19 MP: 3/6
   682 | D:1      | Learned a level 2 spell: Blink
   958 | D:1      | Reached XP level 3. HP: 24/24 MP: 5/8
  1183 | D:1      | Found a faded altar of an unknown god.
  2036 | D:2      | Reached XP level 4. HP: 25/30 MP: 1/9
  2700 | D:3      | Reached skill level 4 in Spellcasting
  2826 | D:3      | Learned a level 3 spell: Mephitic Cloud
  3549 | D:3      | Reached skill level 1 in Air Magic
  3549 | D:3      | Gained mutation: You have a pair of small horns on your
                  | head. [demonic ancestry]
  3549 | D:3      | Reached XP level 5. HP: 35/35 MP: 0/11
  3549 | D:3      | Quit the game

Illustrated notes

Levels and vault maps discovered:
D:1:      psy_arrival_heroes, layout_basic, dilly_ecumenical_altar_fadedgnrine
D:2:      layout_basic, minmay_gold_behind_fungi
D:3:      layout_rooms, nrook_mini_backslash

Skill      XL: |  1  2  3  4 |
---------------+-------------+-----
Conjurations   | 2 3 |  3.4
Spellcasting   | 4 |  4.3
Air Magic      | 1 |  1.1
Dodging        | |  1.7
Stealth        | |  1.7
Summonings     | |  1.0
Translocations | |  0.8

Action                     |  1- 3 |  4- 6 || total
---------------------------+-------+-------++-------
  Melee: Mace              |    21 |     6 ||    27
   Cast: Magic Dart        |   101 |    79 ||   180
         Mephitic Cloud    |       |     1 ||     1
    Use: Potion            |     2 |     1 ||     3
         Scroll            |     4 |     3 ||     7
 Armour: Robe              |    10 |       ||    10
  Dodge: Dodged            |    26 |    12 ||    38
  Block: Other             |    20 |    16 ||    36

Table legend: (Time is in decaauts)
 A = Elapsed time spent in this place.
 B = Non-inter-level travel time spent in this place.
 C = Inter-level travel time spent in this place.
 D = Time resting spent in this place.
 E = Time spent auto-exploring this place.
 F = Levels seen in this place.
 G = Mean time per level.
                   A        B        C        D        E       F      G
               +--------+--------+--------+--------+--------+-----+--------+
         Total |   3558 |   3458 |    100 |    796 |   2209 |   3 | 1186.0 |
       Dungeon |   3558 |   3458 |    100 |    796 |   2209 |   3 | 1186.0 |
               +--------+--------+--------+--------+--------+-----+--------+

Top non-repeatable levels by time:
     D:1: 1403 daAuts
     D:2: 1287 daAuts
     D:3: 867 daAuts
